 Dungeon Crawl Stone Soup version 0.22-a0-305-gd21a89c (webtiles) character file.

1548 Angulimala the Sneak (level 8, 0/54 HPs)
             Began as an Octopode Conjurer on Mar 28, 2018.
             Was an Initiate of Ru.
             Slain by an orc warrior
             ... wielding a +0 long sword
              (13 damage)
             ... on level 7 of the Dungeon.
             The game lasted 00:44:21 (9665 turns).

Angulimala the Sneak (Octopode Conjurer)            Turns: 9665, Time: 00:44:21

Health: 0/54       AC:  1    Str:  8    XL:     8   Next: 87%
Magic:  10/14      EV: 15    Int: 19    God:    Ru [......]
Gold:   381        SH:  0    Dex: 12    Spells: 2/15 levels left

rFire    + . .     SeeInvis .   F - +1 dagger (venom)
rCold    . . .     Gourm    .   (no shield)
rNeg     . . .     Faith    .   (helmet restricted)
rPois    .         Spirit   .   x - amulet of regeneration
rElec    .         Reflect  .   t - ring of protection from fire
rCorr    .         Harm     .   (no ring)
MR       .....                  (no ring)
Stlth    ++++......             (no ring)
HPRegen  0.58/turn              (no ring)
MPRegen  0.14/turn              (no ring)
                                (no ring)
                                (no ring)

@: no status effects
A: almost no armour, stealthy swim, amphibious, 8 rings, constrict 8, camouflage
1, gelatinous body 1
a: Renounce Religion


You were on level 7 of the Dungeon.
You worshipped Ru.
Ru was noncommittal.
You were hungry.

You visited 1 branch of the dungeon, and saw 7 of its levels.

You collected 465 gold pieces.
You spent 84 gold pieces at shops.

Inventory:

Hand Weapons
 o - a +2 vampiric dagger
 u - a +0 blowgun
 y - a +0 dagger of freezing
 F - a +1 dagger of venom (weapon)
Missiles
 d - 224 stones (quivered)
 m - 15 javelins
 v - 27 poisoned needles
 C - 3 poisoned tomahawks
 H - 17 arrows
Jewellery
 t - a ring of protection from fire (left tentacle)
 w - an uncursed amulet of rage
 x - an amulet of regeneration (around mantle)
Wands
 D - a wand of enslavement (18)
 E - a wand of acid (18)
 I - a wand of random effects (16)
Scrolls
 a - a scroll of magic mapping {unknown}
 c - 3 scrolls of remove curse
 e - 2 scrolls of enchant weapon {unknown}
 h - 2 scrolls of noise {unknown}
 i - 3 scrolls of teleportation
 l - 2 scrolls of enchant armour
 n - 2 scrolls of fog
 r - 2 scrolls of immolation {unknown}
 s - 2 scrolls of identify
 z - a scroll of blinking {unknown}
 A - 2 scrolls of fear
 G - a scroll of amnesia {unknown}
Potions
 f - a potion of lignification {unknown}
 g - a potion of agility {unknown}
 j - 3 potions of brilliance {unknown}
 k - a potion of magic {unknown}
 p - 4 potions of curing
 q - a potion of flight {unknown}
 B - a potion of resistance {unknown}
Comestibles
 b - 8 rations


   Skills:
 - Level 4.5 Fighting
 * Level 4.7 Dodging
 - Level 5.8 Stealth
 - Level 4.0 Spellcasting
 - Level 5.2 Conjurations
 - Level 5.1 Hexes
 + Level 1.2 Charms
 + Level 1.2 Necromancy


You had 2 spell levels left.
You knew the following spells:

 Your Spells              Type           Power        Failure   Level  Hunger
a - Magic Dart            Conj           ###.         1%          1    None
b - Searing Ray           Conj           ###...       2%          2    ##.....
c - Dazzling Spray        Conj/Hex       ###...       4%          3    ###....
d - Fulminant Prism       Conj/Hex       ###.......   16%         4    ####...
e - Regeneration          Chrm/Necr      #.........   24%         3    ###....


Dungeon Overview and Level Annotations

Branches:
Dungeon (7/15)
 Temple: D:4-7

Altars:
Makhleb
Okawaru
Ru
Trog
Zin
The Shining One

Shops:
D:4 (!:}%   D:6 (

Annotations:
D:2 Sigmund
D:3 Grinder
D:5 Mikaeshin's ghost, novice MiGl
D:6 1 runed door


Innate Abilities, Weirdness & Mutations

You cannot wear most types of armour.
You are very stealthy in the water. (Stealth+)
You are amphibious.
You can wear up to eight rings at the same time.
You can use your tentacles to constrict eight enemies at once.
Your skin changes colour to match your surroundings (Stealth+).
Your rubbery body absorbs attacks. (AC +1, EV +1)


Message History

Confirm with . or Enter, or press ? or * to list all spells.
Aiming: Searing Ray (safe; 2% risk of failure)
Press: ? - help, Shift-Dir - straight line, f/p - orc warrior
Aim: an orc warrior, wielding a long sword and wearing a chain mail (heavily wounded)
The searing ray hits the orc warrior.
The orc warrior is heavily wounded. (Press . to maintain the ray.)
The orc warrior hits you with a long sword.
The searing ray hits the orc warrior.
The orc warrior is heavily wounded.
The orc warrior closely misses you.
The searing ray misses the orc warrior.
The orc warrior hits you with a long sword!
The searing ray hits the orc warrior.
The orc warrior is severely wounded.
You finish channeling your searing ray.
The orc warrior hits you with a long sword!!
* * * LOW HITPOINT WARNING * * *
The orc warrior hits you with a long sword!
You die...

...........>...# #..........
##..#######....# #..........
###.## #....# ##...###... #..#
#....## ##....##...
#..######.....# ##..........
##............## ##...........
##.............####............
##..####...###o...#.............
##..## ##..##
##@................ ....# ##..##
#................. ....###..##
##................ .........#
#..#....)........ ........##
##.###............ #.......##
##..# ##........... .........##
#..## ##.......... ...#####..##
##.## ##........# ...#
##..###..# ##.......##


You could see an orc warrior.

Vanquished Creatures
  An orc warrior (D:6)
  3 ogres (D:5)
  A phantom (D:6)
  A scorpion (D:5)
  3 wights (D:6)
  A crimson imp (D:7)
  A bullfrog zombie (D:5)
  3 hounds
  A jelly (D:5)
  A bullfrog skeleton (D:5)
  2 orc priests
  Terence (D:3)
  Jessica (D:3)
  3 iguanas
  9 orc wizards
  2 worker ants (D:4)
  A killer bee zombie (D:7)
  A hound zombie (D:5)
  2 gnolls (D:3)
  8 adders
  A shadow imp (D:5)
  An ooze (D:2)
  2 worms
  2 dart slugs
  2 leopard geckos
  17 orcs
  2 ball pythons
  4 bats
  6 giant cockroaches
  8 goblins
  13 hobgoblins
  5 jackals
  3 quokkas
  A ball python skeleton (D:4)
  5 frilled lizards
  A giant cockroach zombie (D:5)
  6 kobolds
  A leopard gecko zombie (D:5)
  A quokka zombie (D:5)
  10 rats
137 creatures vanquished.

Notes
Turn   | Place    | Note
-------+----------+-------------------------------------------
     0 | D:1      | Angulimala the Octopode Conjurer began the quest for the Orb.
     0 | D:1      | Reached XP level 1. HP: 11/11 MP: 3/3
   243 | D:1      | Reached skill level 1 in Fighting
   295 | D:1      | Reached XP level 2. HP: 18/18 MP: 0/5
   615 | D:1      | Reached XP level 3. HP: 24/24 MP: 2/6
   619 | D:1      | Learned a level 2 spell: Searing Ray
   623 | D:1      | Learned a level 3 spell: Dazzling Spray
   928 | D:2      | Reached skill level 1 in Hexes
  1204 | D:2      | Reached XP level 4. HP: 29/29 MP: 2/7
  1554 | D:2      | Noticed Sigmund
  1723 | D:3      | Noticed Grinder
  1962 | D:3      | Noticed Jessica
  2023 | D:3      | Killed Jessica
  2122 | D:3      | Reached XP level 5. HP: 34/34 MP: 8/8
  2223 | D:3      | Found a bloodstained altar of Trog.
  2228 | D:3      | Found a glowing silver altar of Zin.
  2233 | D:3      | Found a burning altar of Makhleb.
  2400 | D:3      | Noticed Terence
  2567 | D:3      | Killed Terence
  3069 | D:3      | Paralysed by Grinder for 5 turns
  3082 | D:3      | Paralysed by Grinder for 5 turns
  3372 | D:3      | Found an iron altar of Okawaru.
  3469 | D:4      | Found Bauthihe's Food Shop.
  3731 | D:4      | Found Fejit's Distillery.
  3739 | D:4      | Bought a potion of degeneration for 14 gold pieces
  3739 | D:4      | Bought a potion of heal wounds for 70 gold pieces
  3756 | D:4      | Reached XP level 6. HP: 39/39 MP: 3/9
  3817 | D:4      | Found Fugel's Weapon Shoppe.
  4084 | D:4      | Reached skill level 5 in Hexes
  4422 | D:4      | Found Toruzopp's Gadget Shop.
  4447 | D:4      | Found Patad's Book Boutique.
  4690 | D:5      | Entered Level 5 of the Dungeon
  5697 | D:5      | Reached XP level 7. HP: 40/45 MP: 6/11
  6153 | D:5      | Learned a level 4 spell: Fulminant Prism
  6276 | D:5      | Noticed Mikaeshin's ghost (novice MiGl)
  6620 | D:6      | Found a runed door.
  6669 | D:6      | Found Risy's Antique Weapon Boutique.
  6785 | D:6      | Reached skill level 5 in Conjurations
  6785 | D:6      | Reached XP level 8. HP: 42/50 MP: 0/14
  6840 | D:6      | Upgraded the game from 0.22-a0-303-g4a852b3 to 0.22-a0-305-gd21a89c
  7783 | D:6      | Reached skill level 5 in Stealth
  8600 | D:7      | Learned a level 3 spell: Regeneration
  8910 | D:7      | Found a sacrificial altar of Ru.
  8910 | D:7      | Found a glowing golden altar of the Shining One.
  8915 | D:7      | Became a worshipper of Ru the Awakened
  9271 | D:7      | Reached skill level 1 in Charms
  9271 | D:7      | Reached skill level 1 in Necromancy
  9665 | D:7      | Slain by an orc warrior

Vault maps used:
D:1:      saegor_arrival_under_anarchy
D:2:      first_ration, kennysheep_generic_room_7, uniq_sigmund
D:3:      minmay_overflow_temple_star_quad, st_stairs_7,
          okawaru_altar_gauntlet_db, uniq_jessica, uniq_terence, uniq_grinder
D:4:      serial_shops, shop, shop, shop_fountains, shop, shop
D:5:      st_stairs_9
D:6:      serial_shops, nicolae_shop_statue_plus, uniq_crazy_yiuf_cottage
D:7:      gammafunk_temple_overflow_statue, minmay_temple_entry_nine_rooms,
          grunt_ogre_cave

Skill      XL: |  1  2  3  4  5  6  7  8 |
---------------+-------------------------+-----
Stealth        | 3 4 5 |  5.8
Fighting       | 1 2 4 |  4.5
Hexes          | 1 3 4 5 |  5.1
Spellcasting   | 3 4 |  4.0
Dodging        | 4 |  4.7
Conjurations   | 5 |  5.2
Charms         | 1 |  1.2
Necromancy     | 1 |  1.2

Action                   |  1- 3 |  4- 6 |  7- 9 || total
-------------------------+-------+-------+-------++-------
Melee: Unarmed           |     6 |       |       ||     6
       Constrict         |     1 |     7 |     4 ||    12
       Dagger            |       |    32 |    17 ||    49
       Tentacles         |       |     3 |     3 ||     6
 Cast: Magic Dart        |    57 |    66 |    51 ||   174
       Searing Ray       |       |    32 |    55 ||    87
  Use: Scroll            |       |     6 |     2 ||     8
       Potion            |       |     2 |     2 ||     4
 Stab: Sleeping          |       |     5 |     1 ||     6
  Eat: Chunk             |     1 |    17 |    13 ||    31
Armor: Skin              |       |     3 |     5 ||     8
Dodge: Dodged            |     5 |    61 |    74 ||   140

Table legend:
 A = Spawn XP
 B = Non-spawn XP
 C = Spawn XP percentage of total XP
 D = Spawn monster count
 E = Non-spawn monster count
 F = Spawn count percentage of total count
 G = Total turns spent on level
                    A         B        C        D         E        F      G
               +---------+---------+-------+---------+---------+-------+---------
         Total |       0 |    2212 |   0.0 |       0 |     137 |   0.0 |  9665
               +---------+---------+-------+---------+---------+-------+---------
           D:1 |       0 |      37 |   0.0 |       0 |      23 |   0.0 |   787
           D:2 |       0 |      57 |   0.0 |       0 |      17 |   0.0 |  1113
           D:3 |       0 |     154 |   0.0 |       0 |      25 |   0.0 |  1623
           D:4 |       0 |     219 |   0.0 |       0 |      18 |   0.0 |  1599
           D:5 |       0 |     747 |   0.0 |       0 |      23 |   0.0 |  1667
           D:6 |       0 |     654 |   0.0 |       0 |      16 |   0.0 |  1443
           D:7 |       0 |     344 |   0.0 |       0 |      15 |   0.0 |  1433
               +---------+---------+-------+---------+---------+-------+---------
